 Dungeon Crawl Stone Soup version 0.25.1-9-gc5326a611f (webtiles) character file.

Game seed: 6256054545749687475

21630 hawla the Thaumaturge (level 12, -23/150 HPs)
             Began as a Red Draconian Conjurer on Dec 30, 2020.
             Was a High Priest of Vehumet.
             Killed from afar by a frost giant (43 damage)
             ... with a bolt of cold
             ... in an ice cave on Dec 31, 2020.
             The game lasted 01:09:07 (19535 turns).

hawla the Thaumaturge (Red Draconian Conjurer)     Turns: 19535, Time: 01:09:08

Health: -23/150    AC: 34    Str: 17    XL:     12   Next: 55%
Magic:  3/28       EV:  2    Int: 19    God:    Vehumet [*****.]
Gold:   772        SH:  0    Dex: 14    Spells: 2/35 levels left

rFire    . . .     SeeInvis .   p - +9 quarterstaff (drain)
rCold    . . .     Gourm    .   (shield currently unavailable)
rNeg     + + +     Faith    .   (armour unavailable)
rPois    +         Spirit   .   (helmet currently unavailable)
rElec    .         Reflect  .   (cloak currently unavailable)
rCorr    .         Harm     .   (gloves currently unavailable)
MR       +....     NoTele   +   (boots currently unavailable)
Stlth    ++........             J - amulet of Dim Light {MR+ Regen+ Str+5 Slay+3}
HPRegen  0.75/turn              d - +4 ring of protection
MPRegen  0.21/turn              s - +4 ring of protection

@: tree-form, very slightly contaminated
A: (breathe fire), unfitting armour, robust 1, strong 1, AC +8
a: Renounce Religion


You were in an ice cave.
You worshipped Vehumet.
Vehumet was extremely pleased with you.
You were not hungry.
You were a tree.
You visited 2 branches of the dungeon, and saw 14 of its levels.
You also visited: Bailey and Ice Cave.

You collected 772 gold pieces.

Inventory:

Hand Weapons
 p - a +9 quarterstaff of draining (weapon)
Missiles
 f - 5 javelins
 i - a curare-tipped dart
 v - 8 boomerangs (quivered)
 x - 4 poisoned darts
 M - 2 throwing nets
Armour
 t - a +2 cloak
 u - a cursed +0 cloak (melded)
 D - a +1 pair of boots (melded)
Magical Staves
 G - an uncursed staff of summoning
Jewellery
 d - a +4 ring of protection (left branch)
 j - the amulet "Byid" {Acrobat *Contam rElec rPois Dex+4}
   (You took it off an orc warrior in a bailey)

   [amulet of the acrobat]

   It helps you evade while moving and waiting.
   It affects your dexterity (+4).
   It insulates you from electricity.
   It protects you from poison.
   It causes magical contamination when unequipped.
 s - a +4 ring of protection (right branch)
 B - an uncursed amulet of magic regeneration {unknown}
 J - the amulet of Dim Light (around neck) {MR+ Regen+ Str+5 Slay+3}
   (You found it on level 10 of the Dungeon)

   [amulet of regeneration]

   It affects your strength (+5).
   It affects your accuracy and damage with ranged weapons and melee attacks
   (+3).
   It affects your resistance to hostile enchantments.
   It increases your rate of regeneration.
Wands
 a - a wand of enslavement (3)
 g - a wand of flame (47)
 o - a wand of digging (3)
 y - a wand of clouds (8)
 C - a wand of random effects (19)
Scrolls
 h - 6 scrolls of remove curse
 n - 3 scrolls of fog
 q - a scroll of fear
 w - a scroll of amnesia
 E - 2 scrolls of enchant weapon
Potions
 b - 2 potions of ambrosia
 c - a potion of lignification
 e - a potion of cancellation
 k - a potion of might
 l - a potion of magic
 m - 2 potions of curing
 z - a potion of brilliance
 N - a potion of invisibility
Miscellaneous
 H - a tin of tremorstones (3/3)
Comestibles
 r - 10 chunks of flesh
 F - 9 rations


   Skills:
 - Level 4.0 Fighting
 - Level 8.0 Staves
 - Level 3.0 Dodging
 - Level 2.0 Stealth
   Level 4.0 Shields
 + Level 12.1 Spellcasting
 - Level 7.5 Conjurations
 + Level 6.2 Charms
 - Level 5.4 Translocations
 + Level 8.3 Fire Magic
 - Level 2.1 Air Magic
 - Level 1.0 Evocations


You had 2 spell levels left.
You knew the following spells:

 Your Spells              Type           Power        Failure   Level  Hunger
a - Magic Dart            Conj           ####         1%          1    None
b - Searing Ray           Conj           #####.       1%          2    None
c - Iskenderun's Mystic   Conj/Tloc      #####...     1%          4    #......
d - Gell's Gravitas       Tloc           ####......   1%          3    None
e - Conjure Flame         Conj/Fire      #####...     1%          3    None
f - Ring of Flames        Chrm/Fire      #####.....   95%         7    #######
g - Airstrike             Air            ###.......   7%          4    #......
h - Sticky Flame          Conj/Fire      #####...     1%          4    #......
i - Iskenderun's Battles  Conj/Chrm      #####...     2%          5    ####...

Your spell library contained the following spells:

 Spells                   Type           Power        Failure   Level  Hunger
 Animate Skeleton         Necr           N/A          6%          1    None
 Pain                     Necr           ##..         6%          1    None
 Summon Small Mammal      Summ           ##..         6%          1    None
 Poisonous Vapours        Pois/Air       ###...       6%          2    None
 Call Imp                 Summ           ##......     9%          2    None
 Dazzling Flash           Conj/Hex       ####..       1%          3    None
 Mephitic Cloud           Conj/Pois/Air  ###.....     1%          3    None
 Fulminant Prism          Conj/Hex       ####......   3%          4    #......
 Call Canine Familiar     Summ           ##......     19%         3    None
 Confusing Touch          Hex            ##......     19%         3    None
 Summon Guardian Golem    Hex/Summ       ##......     19%         3    None
 Vampiric Draining        Necr           ##........   19%         3    None
 Summon Lightning Spire   Summ/Air       ###.....     36%         4    #......
 Yara's Violent Unravell  Hex/Tmut       ##........   38%         5    ####...
 Freezing Cloud           Conj/Ice/Air   ###.......   50%         6    ######.
 Animate Dead             Necr           N/A          52%         4    #......
 Petrify                  Tmut/Erth      ##......     52%         4    #......
 Summon Ice Beast         Ice/Summ       ##......     52%         4    #......
 Agony                    Necr           ##......     86%         5    ####...
 Metabolic Englaciation   Hex/Ice        ##........   86%         5    ####...


Dungeon Overview and Level Annotations

Branches:
Dungeon (14/15)            Temple (1/1) D:7          Bailey (visited)
  IceCv (1/1)
   Lair: D:8-11         Orc: D:9-12      Vaults: D:13-14

Altars:
Ashenzari
Cheibriados
Dithmenos
Elyvilon
Fedhas
Gozag
Hepliaklqana
Kikubaaqudgha
Makhleb
Nemelex Xobeh
Okawaru
Qazlal
Ru
Sif Muna
Trog
Uskayaw
Vehumet
Wu Jian
Xom
Yredelemnul
Zin
The Shining One

Shops:
D:8 ?


Innate Abilities, Weirdness & Mutations

((You can breathe blasts of fire.))
((Your fiery red scales are hard. (AC +8)))
You cannot fit into any form of body armour.
((Your flesh is very heat resistant. (rF++)))
((You are cold-blooded and may be slowed by cold attacks.))
((Your large and strong wings let you fly indefinitely.))
((Your system is resistant to poisons. (rPois)))
You are robust. (+10% HP)
Your muscles are strong. (Str +2)


Message History

You feel your power returning.
Casting: Searing Ray (safe; 1% risk of failure)
Confirm with . or Enter, or press ? or * to list all spells.
Aiming: Searing Ray (safe; 1% risk of failure)
Press: ? - help, Shift-Dir - straight line, f - frost giant
Aim: a frost giant, wielding a +1 battleaxe of freezing (moderately wounded)
The searing ray hits the frost giant!
The frost giant is moderately wounded. (Press . to maintain the ray.)
The frost giant points at you and mumbles some strange words.
The bolt of cold hits you!!
* * * LOW HITPOINT WARNING * * *
Really quaff the potion of lignification?
You turn into a tree.
Your cursed +0 cloak melds into your body.
Your +1 pair of boots melds into your body.
Your roots penetrate the ground.
The frost giant gestures at you while chanting.
The bolt of cold hits you!!!
You die...

####...## # ##...####
###....#######
###...#....## ###
###....##.. ##.######
#########
###.#.#...## ###.÷
#.C###...⌠.# ##...÷
###†♣###.#.#####....#
#...##..#####..†.÷###
#...###..####.....##
#.... ##...#....###
##... ###....### ###.
#####..# $. #.## |#
###


You could see a frost giant.

Vanquished Creatures
  2 two-headed ogres
  A tengu warrior (D:8)
  2 death yaks (IceCv)
  An orc knight (Bailey)
  3 ugly things
  A manticore (D:11)
  A cyclops (D:11)
  An ice statue (IceCv)
  A komodo dragon (D:13)
  A rime drake (IceCv)
  2 trolls (D:10)
  12 polar bears (IceCv)
  A hornet (D:11)
  A merfolk (D:10)
  A hippogriff (D:11)
  A slime creature (D:14)
  Sigmund (D:4)
  A vampire (D:14)
  3 wraiths
  18 yaks (IceCv)
  A water moccasin (D:9)
  4 ice beasts
  11 orc warriors
  A sky beast (D:4)
  A hornet zombie (D:10)
  2 black bears
  An eye of draining (D:11)
  6 ogres
  5 phantoms
  19 wolves (IceCv)
  6 centaurs
  5 big kobolds
  5 bullfrogs
  2 wyvern skeletons
  4 scorpions
  4 killer bees (D:8)
  12 wights
  A spectral bullfrog (D:10)
  4 howler monkeys
  5 crimson imps
  2 centaur zombies
  3 bullfrog zombies
  A quasit (D:11)
  5 orc priests
  Crazy Yiuf (D:4)
  A centaur skeleton (D:7)
  5 hounds
  7 orc wizards
  2 bullfrog skeletons (D:10)
  Ijyb (D:4)
  4 iguanas
  11 worker ants
  A hound zombie (D:6)
  2 worker ant zombies
  4 gnolls
  15 adders
  5 shadow imps
  An ooze (D:7)
  3 adder zombies
  2 adder skeletons
  3 worms
  4 dart slugs
  6 leopard geckos
  41 orcs
  3 ball pythons
  6 giant cockroaches
  14 goblins
  8 hobgoblins
  15 jackals
  A quokka (D:2)
  9 bats
  6 frilled lizards
  A jackal skeleton (D:4)
  31 kobolds
  7 rats
385 creatures vanquished.

Vanquished Creatures (others)
  Eustachio (D:4)
  A phantom (D:6)
  A crimson imp (D:11)
  A kobold (D:11)
4 creatures vanquished.

Grand Total: 389 creatures vanquished

Notes
Turn   | Place    | Note
-------+----------+-------------------------------------------
     0 | D:1      | hawla the Draconian Conjurer began the quest for the Orb.
     0 | D:1      | Reached XP level 1. HP: 14/14 MP: 3/3
   480 | D:1      | Reached XP level 2. HP: 20/20 MP: 1/5
   491 | D:1      | Learned a level 2 spell: Searing Ray
  1169 | D:2      | Reached XP level 3. HP: 26/26 MP: 4/7
  1256 | D:2      | Reached skill level 3 in Spellcasting
  1416 | D:2      | Reached XP level 4. HP: 33/33 MP: 4/8
  1422 | D:2      | Learned a level 4 spell: Iskenderun's Mystic Blast
  2439 | D:3      | Reached skill level 5 in Conjurations
  2667 | D:3      | Reached XP level 5. HP: 39/39 MP: 7/10
  2729 | D:3      | Learned a level 3 spell: Gell's Gravitas
  2947 | D:3      | Found a shadowy altar of Dithmenos.
  3587 | D:4      | Reached skill level 1 in Fighting
  3587 | D:4      | Reached skill level 1 in Translocations
  3587 | D:4      | Reached skill level 1 in Evocations
  3768 | D:4      | Reached XP level 6. HP: 42/47 MP: 4/11
  3882 | D:4      | Noticed a sky beast
  3892 | D:4      | Killed a sky beast
  4116 | D:4      | Noticed Eustachio
  4166 | D:4      | HP: 1/48 [something (6)]
  4169 | D:4      | Killed Eustachio
  4169 | D:4      | Reached skill level 4 in Spellcasting
  4608 | D:4      | Noticed Ijyb
  4625 | D:4      | Killed Ijyb
  4751 | D:4      | Noticed Sigmund
  4756 | D:4      | Killed Sigmund
  4756 | D:4      | Your scales start taking on a fiery red colour.
  4756 | D:4      | Reached XP level 7. HP: 55/55 MP: 5/13
  4756 | D:4      | Gained mutation: Your flesh is heat resistant. (rF+) [Red
                  | Draconian growth]
  4850 | D:4      | Found a runed translucent door.
  4851 | D:4      | Noticed Crazy Yiuf
  5249 | D:4      | Killed Crazy Yiuf
  5338 | D:5      | Entered Level 5 of the Dungeon
  5527 | D:5      | Reached skill level 1 in Staves
  5943 | D:5      | Reached XP level 8. HP: 26/61 MP: 3/15
  6393 | D:6      | Reached skill level 5 in Spellcasting
  6777 | D:6      | Noticed a two-headed ogre
  6788 | D:6      | Killed a two-headed ogre
  6944 | D:6      | Reached skill level 5 in Translocations
  6944 | D:6      | Reached XP level 9. HP: 67/67 MP: 2/17
  7521 | D:6      | Found a glowing golden altar of the Shining One.
  7833 | D:6      | Reached skill level 6 in Spellcasting
  8188 | D:7      | Found a staircase to the Ecumenical Temple.
  8243 | Temple   | Entered the Ecumenical Temple
  8351 | Temple   | Became a worshipper of Vehumet
  8967 | D:7      | Reached skill level 5 in Staves
  9111 | D:7      | Learned a level 3 spell: Conjure Flame
  9882 | D:8      | Reached skill level 7 in Spellcasting
  9934 | D:8      | Noticed a tengu warrior
 10067 | D:8      | Reached * piety under Vehumet
 10067 | D:8      | Offered knowledge of Foxfire by Vehumet.
 10731 | D:8      | Reached XP level 10. HP: 78/78 MP: 8/20
 10762 | D:8      | Reached skill level 1 in Fire Magic
 11249 | D:8      | Found Umnorua's Magic Scroll Shop.
 11277 | D:8      | Found a shadowy altar of Dithmenos.
 11280 | D:8      | Found a blossoming altar of Fedhas.
 11280 | D:8      | Found a stormy altar of Qazlal.
 11280 | D:8      | Found a bloodstained altar of Trog.
 11283 | D:8      | Found a shattered altar of Ashenzari.
 11538 | D:8      | Killed a tengu warrior
 12061 | D:9      | Reached skill level 8 in Spellcasting
 12327 | D:9      | Offered knowledge of Freeze by Vehumet.
 12333 | D:9      | Reached ** piety under Vehumet
 12942 | D:10     | Entered Level 10 of the Dungeon
 12991 | D:10     | Found a flagged portal.
 13023 | Bailey   | Entered a bailey
 13568 | Bailey   | Noticed an orc knight
 13676 | Bailey   | Killed an orc knight
 14012 | Bailey   | Identified the amulet "Byid" {Acrobat *Contam rElec rPois
                  | Dex+4}
 14255 | Bailey   | Reached skill level 9 in Spellcasting
 14463 | Bailey   | Gained mutation: You are resistant to electric shocks.
                  | (rElec) [potion of mutation]
 14463 | Bailey   | Gained mutation: You possess an exceptional clarity of
                  | mind. [potion of mutation]
 14671 | D:10     | Offered knowledge of Static Discharge by Vehumet.
 15410 | D:10     | Reached *** piety under Vehumet
 15616 | D:10     | Reached XP level 11. HP: 84/84 MP: 9/24
 15710 | D:10     | Got a transparent ruby amulet
 15734 | D:10     | Reached skill level 10 in Spellcasting
 16362 | D:11     | Offered knowledge of Airstrike by Vehumet.
 16519 | D:10     | Learned a level 7 spell: Ring of Flames
 16585 | D:10     | Learned a level 4 spell: Airstrike
 16730 | D:11     | Noticed a red ugly thing
 16763 | D:11     | Killed a red ugly thing
 16763 | D:11     | Reached skill level 1 in Charms
 16763 | D:11     | Reached skill level 1 in Air Magic
 16984 | D:11     | Reached **** piety under Vehumet
 16994 | D:11     | Noticed a two-headed ogre
 16995 | D:11     | Noticed a purple ugly thing
 17010 | D:11     | Killed a two-headed ogre
 17014 | D:11     | Killed a purple ugly thing
 17167 | D:11     | Offered knowledge of Sticky Flame by Vehumet.
 17173 | D:11     | Learned a level 4 spell: Sticky Flame
 17535 | D:11     | Noticed a skeletal warrior
 17539 | D:11     | Noticed a skeletal warrior
 17545 | D:11     | Noticed a skeletal warrior
 17546 | D:11     | Noticed a skeletal warrior
 17548 | D:11     | Noticed a skeletal warrior
 17849 | D:11     | You fall into a shaft and drop 3 floors!
 17849 | D:14     | Found a basalt altar of Yredelemnul.
 17850 | D:14     | Reached skill level 11 in Spellcasting
 17900 | D:13     | Noticed a brown ugly thing
 17922 | D:13     | Killed a brown ugly thing
 17985 | D:13     | Reached skill level 5 in Fire Magic
 17987 | D:13     | Reached ***** piety under Vehumet
 18006 | D:13     | Found a frozen archway.
 18017 | IceCv    | Entered an ice cave
 18296 | IceCv    | Identified the amulet of Dim Light {MR+ Regen+ Str+5
                  | Slay+3} (You found it on level 10 of the Dungeon)
 18305 | IceCv    | Offered knowledge of Iskenderun's Battlesphere by Vehumet.
 18593 | IceCv    | Noticed a death yak
 18616 | IceCv    | Killed a death yak
 18616 | IceCv    | Reached XP level 12. HP: 20/91 MP: 11/27
 18626 | IceCv    | Learned a level 5 spell: Iskenderun's Battlesphere
 18918 | IceCv    | Reached skill level 5 in Charms
 19238 | IceCv    | Lost mutation: You are resistant to electric shocks.
                  | (rElec) [potion of mutation]
 19238 | IceCv    | Lost mutation: You possess an exceptional clarity of mind.
                  | [potion of mutation]
 19238 | IceCv    | Gained mutation: Scrolls take you a little longer to read.
                  | [potion of mutation]
 19238 | IceCv    | Gained mutation: You have large cloven feet. [potion of
                  | mutation]
 19238 | IceCv    | Gained mutation: Your system is resistant to poisons.
                  | (rPois) [potion of mutation]
 19239 | IceCv    | Lost mutation: You have large cloven feet. [potion of
                  | mutation]
 19239 | IceCv    | Lost mutation: Scrolls take you a little longer to read.
                  | [potion of mutation]
 19239 | IceCv    | Gained mutation: Your muscles are strong. (Str +2) [potion
                  | of mutation]
 19239 | IceCv    | Gained mutation: You are robust. (+10% HP) [potion of
                  | mutation]
 19239 | IceCv    | Gained mutation: Your flesh is very heat resistant. (rF++)
                  | [potion of mutation]
 19239 | IceCv    | Gained mutation: Your large and strong wings let you fly
                  | indefinitely. [potion of mutation]
 19356 | IceCv    | Noticed a death yak
 19374 | IceCv    | Killed a death yak
 19374 | IceCv    | Reached skill level 12 in Spellcasting
 19518 | IceCv    | Noticed a frost giant
 19535 | IceCv    | Killed from afar by a frost giant

Illustrated notes

Levels and vault maps discovered:
D:1:      eino_arrival_druids_welcome, layout_basic
D:2:      layout_basic
D:3:      minmay_inner_zag, layout_loops_ring,
          nicolae_dithmenos_through_a_glass_darkly
D:4:      layout_loops_ring, first_ration, kennysheep_nondescript, uniq_ijyb,
          uniq_sigmund, uniq_crazy_yiuf_cottage, uniq_eustachio
D:5:      layout_cave_pools, grunt_ministairs_8, minmay_chambers_of_fives
D:6:      wad_crossroads, layout_basic, kennysheep_mini
D:7:      layout_gridville, minmay_temple_entry_trees
D:8:      minmay_chambers_of_fours, layout_layer_cave,
          grunt_temple_overflow_open, serial_shops, shop
D:9:      layout_roguey
D:10:     layout_basic, enter_bailey_3, hangedman_fish_farm,
          hangedman_weighted_door
D:11:     layout_rooms, dpeg_lair_monsters
D:13:     layout_grid_maze, portal_ice_cave_entry_pillars_1
D:14:     layout_big_octagon, david_vaults_5, drop_trap,
          yredelemnul_altar_generic
Temple:   kb_temple_of_zot
IceCv:    ice_cave_caverns_01

Skill      XL: |  1  2  3  4  5  6  7  8  9 10 11 12 |
---------------+-------------------------------------+-----
Spellcasting   | 3 4 5 7 9 11 12 | 12.1
Stealth        | 2 |  2.0
Conjurations   | 5 6 7 |  7.5
Dodging        | 2 3 |  3.0
Fighting       | 1 2 4 |  4.0
Translocations | 1 2 3 5 |  5.4
Evocations     | 1 |  1.0
Staves         | 1 3 5 8 |  8.0
Shields        | 2 4 |  4.0
Fire Magic     | 1 6 8 |  8.3
Charms         | 4 6 |  6.2
Air Magic      | 2 |  2.1

Action                   |  1- 3 |  4- 6 |  7- 9 | 10-12 || total
-------------------------+-------+-------+-------+-------++-------
Melee: Whip              |    35 |    28 |       |       ||    63
       Tailslap          |       |     1 |     8 |     6 ||    15
       Quarterstaff      |       |       |    82 |    76 ||   158
Throw: Dart              |       |    12 |       |     4 ||    16
       Javelin           |       |       |     1 |     2 ||     3
 Cast: Magic Dart        |    40 |    48 |    74 |   135 ||   297
       Searing Ray       |     9 |    42 |    73 |   154 ||   278
       Gell's Gravitas   |       |     1 |     9 |    25 ||    35
       Iskenderun's Myst |       |     1 |    16 |    77 ||    94
       Conjure Flame     |       |       |     3 |     2 ||     5
       Airstrike         |       |       |       |     6 ||     6
       Sticky Flame      |       |       |       |     2 ||     2
       Iskenderun's Batt |       |       |       |     1 ||     1
 Abil: Breathe Fire      |       |       |     1 |       ||     1
  Use: Scroll            |     3 |     5 |    13 |    11 ||    32
       Potion            |       |     7 |     4 |     7 ||    18
  Eat: Chunk             |     3 |    11 |    23 |    26 ||    63
       Ration            |       |       |       |     2 ||     2
Armor: Skin              |    31 |    14 |    97 |   240 ||   382
Dodge: Dodged            |    46 |    38 |   128 |   294 ||   506
